Map: Lightshade LE

Players

soul - Winner!

  • Race: Terran Terran
  • League: Platinum

DoHMaN

  • Race: Zerg Zerg
  • League: Gold

VOD

Have the link to the VOD?

Description

Time

  • Played on: Sept. 12, 2021, 10:26 a.m.
  • Length: 5:33
Show
View Real Time Build Order
Export as new Build Order

soul Terran - Winner!

Build Orders: Hellion Banshee 

Get SALT Encoding   

  12  0:00  SCV  
  13  0:12  SCV  
  14  0:18  Supply Depot  
  14  0:24  SCV  
  15  0:40  SCV  
  15  0:42  Barracks  
  16  0:46  Refinery  
  16  0:52  SCV  
  17  1:04  SCV  
  18  1:16  SCV  
  19  1:28  SCV  
  19  1:29  Reaper  
  19  1:32  Supply Depot  
  21  1:48  Command Center  
  21  2:02  Orbital Command  
  21  2:15  Barracks Reactor  
  21  2:19  Refinery  
  21  2:27  Factory  
  21  2:34  SCV  
  22  2:46  SCV  
  23  3:02  SCV  
  24  3:15  Supply Depot  
  24  3:18  SCV  
  24  3:19  Orbital Command, Starport  
  25  3:32  Hellion x2  
  25  3:33  Barracks Reactor  
  29  3:38  Supply Depot  
  29  3:39  SCV  
  30  3:48  SCV  
  31  3:58  Hellion x2  
  31  3:59  Barracks  
  31  4:01  Barracks  
  35  4:03  SCV  
  35  4:05  Supply Depot  
  36  4:10  SCV  
  36  4:13  Marine x2  
  36  4:15  SCV  
  40  4:19  Starport Tech Lab  
  40  4:21  Hellion x2  
  44  4:48  Marine x2, Widow Mine x2  
  44  4:49  Banshee  
  44  4:50  Barracks Tech Lab  
  44  4:51  Barracks Tech Lab  
  53  4:55  Engineering Bay  
  53  4:56  SCV  
  53  4:58  SCV  
  55  5:02  Engineering Bay  
Show
View Real Time Build Order
Export as new Build Order

DoHMaN Zerg 

Build Orders: Pool First 

Get SALT Encoding   

  12  0:00  Drone  
  14  0:15  Overlord  
  14  0:17  Drone  
  14  0:34  Drone x2  
  16  0:43  Drone  
  16  0:48  Spawning Pool  
  17  0:57  Drone  
  17  1:14  Hatchery  
  17  1:16  Drone  
  17  1:22  Drone, Extractor  
  17  1:28  Drone  
  18  1:34  Queen  
  18  1:39  Overlord  
  20  1:48  Drone  
  21  2:00  Drone  
  22  2:10  Drone, Queen  
  25  2:23  Drone  
  25  2:29  Drone  
  27  2:32  Drone  
  28  2:39  Zergling x2  
  29  2:54  Zergling x2  
  30  3:07  Zergling x8  
  30  3:10  Lair  
  30  3:11  Baneling Nest  
  33  3:13  Extractor  
  33  3:15  Extractor, Drone  
  33  3:16  Extractor  
  31  3:22  Drone x2  
  33  3:32  Drone  
  33  3:33  Drone  
  35  3:39  Drone  
  36  3:41  Overlord x3  
  36  3:53  Evolution Chamber  
  36  3:54  Drone  
  36  3:59  Metabolic Boost  
  36  4:14  Drone  
  36  4:15  Drone x5  
  41  4:34  Zergling x4  
  41  4:57  Drone x3  
  41  4:58  Drone x3, Spire x2  
  45  5:06  Drone x3  
Tags
 
Add a new tag
Caveats
  • Supply blocks, unpowered buildings, or Contaminate may cause inaccurate times.
  • Supply counts are checked every 10 seconds.